 Dungeon Crawl Stone Soup version 0.31.0 (webtiles) character file.

Game seed: 1517326827905100177

163 gelatine the Trooper (level 5, -1/41 HPs)
             Began as a Demonspawn Fighter on Jan 19, 2024.
             Incinerated by a bombardier beetle (4 damage)
             ... with a burning spray
             ... on level 3 of the Dungeon.
             The game lasted 00:03:26 (1463 turns).

gelatine the Trooper (Demonspawn Fighter)           Turns: 1463, Time: 00:03:27

Health: -1/41      AC: 11    Str: 19    XL:     5   Next: 20%
Magic:  5/5        EV:  5    Int:  8    God:
Gold:   165        SH:  8    Dex: 12    Spells: 4/4 levels left

rFire   . . .        a - +0 war axe
rCold   . . .        c - +0 buckler
rNeg    . . .        e - +0 plate armour
rPois   .            (no helmet)
rElec   .            (no cloak)
rCorr   .            (no gloves)
SInv    .            (no boots)
Will    .....        (no amulet) Stlth
                     (no ring)
HPRegen 0.26/turn    (no ring)
MPRegen 0.09/turn

%: no passive effects
@: on fire, glowing
A: large bone plates 1, spiny 1
a: no special abilities


You were on level 3 of the Dungeon.
You visited 1 branch of the dungeon, and saw 3 of its levels.

You collected 165 gold pieces.

Inventory:

Hand Weapons
 a - a +0 war axe (weapon)
 r - the +3 dagger of Fycul {venom, rN+ Stlth+}
   (You found it on level 2 of the Dungeon)

   rN+:       It protects you from negative energy.
   Stlth+:    It makes you more stealthy.
Armour
 b - a +0 scale mail
 c - a +0 buckler (worn)
 e - a +0 plate armour (worn)
Scrolls
 f - 2 scrolls of teleportation {unknown}
 g - a scroll of immolation {unknown}
 i - a scroll of noise {unknown}
 j - a scroll of silence {unknown}
 k - 2 scrolls of revelation {unknown}
 l - 4 scrolls of amnesia {unknown}
Potions
 d - a potion of might
 h - a potion of magic {unknown}
 m - 2 potions of enlightenment {unknown}
 n - a potion of degeneration {unknown}
 o - a potion of curing {unknown}
 p - a potion of invisibility {unknown}
 q - a potion of heal wounds {unknown}


   Skills:
 * Level 3.6 Fighting
 * Level 3.2 Axes
 * Level 3.4 Armour
 * Level 1.0 Dodging
 * Level 3.3 Shields


You had 4 spell levels left.
You didn't know any spells.
Your spell library contained the following spells:

 Spells                   Type           Power      Damage    Failure   Level
 Conjure Ball Lightning   Conj/Air       0%         3x3d6     100%        6
 Discord                  Hex            0%         N/A       100%        8
 Disjunction              Tloc           0%         N/A       100%        8


Dungeon Overview and Level Annotations

Branches:
Dungeon (3/15)

Altars:
Kikubaaqudgha
Nemelex Xobeh
Vehumet
Wu Jian
Xom

Annotations:
D:3 Sigmund


Innate Abilities, Weirdness & Mutations

You are partially covered in large bone plates. (SH +4)
You are partially covered in sharp spines.


Message History

Found a maw talisman.
You see here a maw talisman.
A bombardier beetle comes into view.
Sigmund the Dreaded comes into view.
He is wielding a +1 scythe of distortion.
The bombardier beetle is struck by your spines.
The bombardier beetle bites you but does no damage.
Sigmund gestures wildly while chanting.
Sigmund flickers and vanishes!
Deactivating autopickup; reactivate with Ctrl-A.
You hit the bombardier beetle.
The bombardier beetle is heavily wounded.
The bombardier beetle barely misses you.
Unknown command.
You hit the bombardier beetle.
The bombardier beetle is severely wounded.
The bombardier beetle sprays incendiary fluid at you.
The burning spray hits you.
You are covered in liquid fire!
Unknown command.
You closely miss the bombardier beetle.
The bombardier beetle is severely wounded.
The liquid fire burns you!
Unknown command.
You hit the bombardier beetle but do no damage.
The bombardier beetle is severely wounded.
The liquid fire burns you!
The bombardier beetle bites you but does no damage.
Something hits you. Space warps horribly around you!
Unknown command.
You closely miss the bombardier beetle.
The bombardier beetle is severely wounded.
The liquid fire burns you!
* * * LOW HITPOINT WARNING * * *
You block the bombardier beetle's attack.
Something hits you!
* * * LOW HITPOINT WARNING * * *
You blink.
You shake off some of the fire as you move.
The liquid fire burns you!
You die...

#.. #.. #..
. #.. ...
#.{####....
#.B.....#.#
#ยง.## #.#
### #...#
#.#
#...#@#.#
#.#
#.....#.#
#.#
#....##.#
#.# #....
#.# #.#
#...#
#.###.#
#...
#%#.<.#
#...
#...###
#... #####
#..


You could see a bombardier beetle.

Vanquished Creatures
  A jelly (D:2)
  Natasha (thrice) (D:2)
  2 dart slugs
  2 bats
  10 endoplasms
  3 giant cockroaches
  3 goblins
  2 hobgoblins
  2 quokkas (D:2)
  8 ball pythons
  3 frilled lizards (D:2)
  10 kobolds
  3 rats
52 creatures vanquished.

Notes
Turn   | Place    | Note
-------+----------+-------------------------------------------
     0 | D:1      | gelatine the Demonspawn Fighter began the quest for the
                  | Orb.
     0 | D:1      | Reached XP level 1. HP: 18/18 MP: 1/1
   227 | D:1      | Gained mutation: You are partially covered in sharp spines.
                  | [demonic ancestry]
   227 | D:1      | Reached XP level 2. HP: 24/24 MP: 2/2
   568 | D:2      | Noticed Natasha
   578 | D:2      | Killed Natasha
   579 | D:2      | Reached XP level 3. HP: 14/29 MP: 3/3
   709 | D:2      | Noticed Natasha
   717 | D:2      | Killed Natasha
   718 | D:2      | Gained mutation: You are partially covered in large bone
                  | plates. (SH +4) [demonic ancestry]
   718 | D:2      | Reached XP level 4. HP: 34/35 MP: 4/4
   918 | D:2      | Found a shimmering altar of Xom.
   918 | D:2      | Found an ancient bone altar of Kikubaaqudgha.
   918 | D:2      | Found a sparkling altar of Nemelex Xobeh.
   918 | D:2      | Found a sparkling altar of Nemelex Xobeh.
   918 | D:2      | Found an ornate altar of the Wu Jian Council.
   918 | D:2      | Found a radiant altar of Vehumet.
   930 | D:2      | Reached skill level 1 in Dodging
  1225 | D:2      | Reached XP level 5. HP: 36/41 MP: 5/5
  1322 | D:2      | Noticed Natasha
  1337 | D:2      | Killed Natasha
  1402 | D:2      | Identified the +3 dagger of Fycul {venom, rN+ Stlth+}
  1457 | D:3      | Noticed Sigmund
  1463 | D:3      | Incinerated by a bombardier beetle

Illustrated notes

Levels and vault maps discovered:
D:1:      dpeg_arrival_lava_temple_mockup, layout_loops_ring, moated_statue
D:2:      cheibrodos_fertilizer, layout_basic, amcnicky_mini_pool_small,
          minmay_misc_feat_five, uniq_natasha
D:3:      layout_rooms, nicolae_gozag_seed_capital,
          mainiacjoe_overflow_cross_hatched,
          hellmonk_ecumenical_altar_slurped_away, kennysheep_generic_room_16,
          uniq_sigmund

Skill      XL: |  1  2  3  4 |
---------------+-------------+-----
Axes           | 2 3 |  3.2
Armour         | 3 |  3.4
Shields        | 3 |  3.3
Dodging        | 1 |  1.0
Fighting       | |  3.6

Action                     |  1- 3 |  4- 6 || total
---------------------------+-------+-------++-------
  Melee: War axe           |    47 |    66 ||   113
 Armour: Plate armour      |    34 |    45 ||    79
  Dodge: Dodged            |     6 |     4 ||    10
  Block: Buckler           |    16 |    27 ||    43
